Map: Inferno Pools (Void)

Players

Javert - Winner!

  • Race: Zerg Zerg

CuBaNo

  • Race: Protoss Protoss

VOD

Have the link to the VOD?

Description

Time

  • Played on: April 30, 2015, 11:43 p.m.
  • Length: 10:07
Show
View Real Time Build Order
Export as new Build Order

Javert Zerg - Winner!

Build Orders: Hatch First 

Get SALT Encoding   

  12  0:02  Drone  
  13  0:13  Overlord  
  13  0:22  Drone  
  14  0:32  Drone x2  
  16  0:50  Hatchery  
  16  0:54  Drone  
  16  0:57  Drone  
  16  1:01  Drone  
  18  1:18  Spawning Pool  
  17  1:19  Drone  
  17  1:22  Extractor  
  17  1:23  Drone  
  18  1:31  Drone  
  19  1:41  Drone  
  20  1:51  Drone  
  21  2:05  Queen  
  23  2:12  Queen  
  25  2:22  Metabolic Boost  
  25  2:25  Hatchery  
  25  2:26  Overlord  
  24  2:36  Zergling x4  
  24  2:37  Zergling x2  
  27  2:45  Drone x3  
  30  2:54  Drone x2  
  32  2:59  Drone, Extractor  
  32  3:00  Drone  
  33  3:13  Drone x2  
  33  3:18  Roach Warren  
  33  3:19  Drone x2  
  36  3:25  Overlord  
  36  3:39  Drone x6  
  42  3:48  Overlord x2  
  42  3:59  Roach x3  
  42  4:02  Roach  
  50  4:09  Zergling x6  
  53  4:22  Zergling x14  
  60  4:25  Ravager  
  60  4:26  Ravager x3  
  64  4:33  Queen  
  66  4:39  Overlord  
  66  4:40  Overlord  
  66  4:57  Overlord  
  66  4:58  Lair  
  59  5:25  Zergling x10  
  59  5:26  Zergling x22  
  69  5:36  Zergling x18  
  69  5:46  Drone x2  
  69  5:47  Drone  
  69  5:48  Extractor  
  69  5:51  Extractor  
  69  5:56  Drone x2  
  69  6:00  Spire  
  69  6:01  Drone  
  69  6:02  Drone  
  70  6:07  Drone x2  
  67  6:21  Drone x2  
  67  6:22  Drone x6  
  71  6:30  Drone  
  71  6:31  Drone x6  
  74  6:39  Drone x2  
  72  6:43  Drone x3  
  72  6:44  Ventral Sacs  
  71  6:54  Overlord x2  
  71  7:12  Extractor  
  71  7:13  Mutalisk x7, Extractor  
  81  7:19  Zergling x14  
  88  7:29  Overlord  
  87  7:50  Drone x16  
  96  8:05  Zergling x6  
  94  8:13  Zergling x6  
  97  8:33  Mutalisk x8  
  113  8:38  Drone  
  112  8:51  Zergling x2  
  112  8:52  Zergling x2  
  114  8:56  Overlord x3  
  114  8:57  Overlord x2  
  114  9:02  Evolution Chamber  
  113  9:03  Evolution Chamber, Zergling x2  
  113  9:04  Zergling x2  
  114  9:14  Overlord x3  
  114  9:17  Hatchery, Extractor  
Show
View Real Time Build Order
Export as new Build Order

CuBaNo Protoss 

Build Orders: Nexus First 

Get SALT Encoding   

  12  0:05  Probe  
  13  0:17  Probe  
  13  0:18  Pylon  
  14  0:36  Probe (Chrono Boost)  
  15  0:46  Probe (Chrono Boost)  
  16  0:53  Probe  
  17  1:04  Nexus  
  17  1:05  Probe  
  18  1:15  Gateway  
  18  1:20  Assimilator  
  18  1:22  Probe (Chrono Boost)  
  19  1:28  Assimilator  
  19  1:32  Probe (Chrono Boost)  
  20  1:39  Probe (Chrono Boost)  
  21  1:49  Probe (Chrono Boost)  
  22  2:01  Pylon  
  22  2:07  Cybernetics Core  
  22  2:16  Probe (Chrono Boost)  
  22  2:19  Probe (Chrono Boost)  
  24  2:28  Probe (Chrono Boost)  
  26  2:32  Probe (Chrono Boost)  
  26  2:35  Probe (Chrono Boost)  
  27  2:38  Gateway  
  27  2:40  Forge  
  27  2:41  Probe  
  28  2:45  Probe  
  28  2:50  Warp Gate  
  29  2:53  Mothership Core (Chrono Boost)  
  29  2:56  Adept  
  34  3:02  Probe (Chrono Boost)  
  34  3:07  Robotics Facility  
  34  3:14  Probe, Pylon  
  34  3:17  Probe  
  36  3:23  Pylon  
  36  3:26  Probe  
  37  3:42  Probe (Chrono Boost)  
  37  3:43  Probe (Chrono Boost)  
  37  3:48  Assimilator  
  39  3:49  Protoss Ground Weapons Level 1 (Chrono Boost)  
  39  3:59  Robotics Bay  
  39  4:02  Probe x2 (Chrono Boost)  
  41  4:03  Pylon  
  41  4:04  Adept  
  43  4:14  Probe (Chrono Boost), Assimilator  
  45  4:18  Pylon, Warp Prism  
  45  4:19  Probe (Chrono Boost)  
  45  4:20  Pylon  
  47  4:25  Probe (Chrono Boost)  
  47  4:27  Probe (Chrono Boost)  
  49  4:37  Probe (Chrono Boost)  
  50  4:39  Sentry  
  50  4:44  Probe (Chrono Boost)  
  55  5:04  Disruptor x2 (Chrono Boost)  
  55  5:07  Gateway, Photon Cannon  
  55  5:09  Gateway  
  55  5:11  Gateway  
  53  5:14  Gateway  
  53  5:17  Gateway  
  49  5:44  Zealot  
  51  5:54  Disruptor  
  55  5:58  Disruptor (Chrono Boost)  
  55  6:01  Pylon  
  55  6:04  Pylon  
  55  6:07  Zealot x4  
  36  6:35  Zealot x2  
  36  6:36  Zealot x4  
  48  6:41  Disruptor (Chrono Boost)  
  48  6:57  Sentry x3  
  48  7:01  Nexus  
  54  7:10  Pylon  
  54  7:12  Disruptor x2  
  54  7:27  Pylon  
  54  7:28  Probe, Observer  
  54  7:29  Pylon  
  54  7:42  Pylon  
  54  7:46  Nexus  
  54  7:49  Pylon  
  48  8:01  Stalker  
  48  8:02  Stalker  
  38  8:17  Stalker x2  
  38  8:18  Sentry  
  42  8:21  Sentry  
  39  8:27  Probe (Chrono Boost)  
  39  8:29  Sentry  
  41  8:43  Stalker  
  43  8:49  Stalker  
  45  8:57  Zealot  
  45  9:02  Zealot  
  49  9:11  Sentry  
  49  9:13  Stalker  
  53  9:17  Probe  
Tags
 
Add a new tag
Caveats
  • Supply blocks, unpowered buildings, or Contaminate may cause inaccurate times.
  • Supply counts are checked every 10 seconds.